 Dungeon Crawl Stone Soup version 0.29-a0-414-g5075937ec3 (webtiles) character file.

Game seed: 7933580233135032455

707 rageheart7 the Fighter (level 7, -1/62 HPs)
             Began as a Demonspawn Gladiator on May 15, 2022.
             Slain by a kobold
             ... wielding a +0 dagger
              (3 damage)
             ... on level 4 of the Dungeon.
             The game lasted 00:07:11 (3179 turns).

rageheart7 the Fighter (Demonspawn Gladiator)       Turns: 3179, Time: 00:07:12

Health: -1/62      AC:  3    Str: 16    XL:     7   Next: 40%
Magic:  7/7        EV: 12    Int: 10    God:
Gold:   263        SH:  0    Dex: 14    Spells: 3/6 levels left

rFire   + . .      SeeInvis .   a - +0 quarterstaff
rCold   . . .      Faith    .   (shield currently unavailable)
rNeg    . . .      Spirit   .   b - +0 leather armour
rPois   .          Reflect  .   (helmet restricted)
rElec   .          Harm     .   (no cloak)
rCorr   .          Rampage  .   p - +2 pair of gloves
Will    .....                   i - +0 pair of boots
Stlth   +.........              j - amulet of regeneration
HPRegen 1.00/turn               o - ring of protection from fire
MPRegen 0.10/turn               (no ring)

@: corroded, slowed, very slow
A: antennae 1, claws 2, powered by pain 1
a: no special abilities


You were on level 4 of the Dungeon.
You visited 1 branch of the dungeon, and saw 4 of its levels.

You collected 263 gold pieces.

Inventory:

Hand Weapons
 a - a +0 quarterstaff (weapon)
Missiles
 d - 3 throwing nets (quivered)
 e - a javelin
Armour
 b - a +0 leather armour (worn)
 i - a +0 pair of boots (worn)
 p - a +2 pair of gloves (worn)
Jewellery
 j - an amulet of regeneration (around neck)
 o - a ring of protection from fire (left hand)
 r - a ring of protection from cold
Wands
 n - a wand of iceblast (10)
Scrolls
 c - a scroll of fog {unknown}
 f - 2 scrolls of teleportation
 l - a scroll of identify
Potions
 g - a potion of heal wounds
 h - 2 potions of haste
 k - 4 potions of curing


   Skills:
 * Level 8.3 Fighting
 - Level 3.1 Staves
 - Level 1.7 Throwing
 - Level 2.6 Dodging


You had 3 spell levels left.
You knew the following spells:

 Your Spells              Type           Power      Damage    Failure   Level
a - Beastly Appendage     Tmut           0%         N/A       43%         1
b - Wereblood             Tmut           0%         N/A       56%         2

Your spell library contained the following spells:

 Spells                   Type           Power      Damage    Failure   Level
 Animate Skeleton         Necr           0%         N/A       43%         1
 Pain                     Necr           0%         1d4       43%         1
 Spider Form              Tmut/Pois      0%         N/A       80%         3
 Vampiric Draining        Necr           0%         2d6       80%         3


Dungeon Overview and Level Annotations

Branches:
Dungeon (4/15)
 Temple: D:4-7

Altars:
Nemelex Xobeh

Annotations:
D:4 Natasha


Innate Abilities, Weirdness & Mutations

You have a pair of small antennae on your head.
You have very sharp fingernails.
You sometimes gain a little power by taking damage.


Message History

You barely miss the jelly.
The jelly is heavily wounded.
Natasha casts a spell at you. The magic dart hits you.
The jelly hits you but does no damage.
You hit the jelly.
Your hands burn!
The jelly is severely wounded.
The jelly barely misses you.
Natasha stares at you and mumbles some strange words.
The magic dart hits you! The jelly hits you.
You are splashed with acid!
You thump the jelly!
You kill the jelly!
Natasha claws you but does no damage. Natasha claws you!
* * * LOW HITPOINT WARNING * * *
You hit Natasha but do no damage. The kobold completely misses you.
Natasha barely misses you. The kobold closely misses you.
Natasha barely misses you.
You hit Natasha.
Natasha is lightly wounded.
The kobold hits you with a +0 dagger.
* * * LOW HITPOINT WARNING * * *
Natasha barely misses you. The kobold barely misses you.
You hit Natasha but do no damage.
Natasha is lightly wounded.
Natasha claws you.
* * * LOW HITPOINT WARNING * * *
The kobold barely misses you. Natasha claws you.
* * * LOW HITPOINT WARNING * * *
You closely miss Natasha.
Natasha is lightly wounded.
The kobold misses you. Natasha claws you but does no damage.
The kobold misses you. Natasha claws you.
* * * LOW HITPOINT WARNING * * *
You closely miss Natasha.
Natasha is lightly wounded.
The kobold barely misses you.
Natasha stares at you and mumbles some strange words.
The magic dart hits you!
* * * LOW HITPOINT WARNING * * *
The kobold hits you with a +0 dagger.
You die...

.......#.............
#......#...##.##..#.#
.#........#..#........
.........###...##.....
#.....................
##..........#.........
.........###..........
.......h.# #..........
.......@## #..........
..?..##K# ##.........
..... #.# ##...##...
.... ... #### ... ...
# ..... ..... .......


You could see Natasha and a kobold.

Vanquished Creatures
  Grinder (D:3)
  Sigmund (D:3)
  A phantom (D:4)
  A scorpion (D:4)
  A howler monkey (D:4)
  A jelly (D:4)
  Robin (D:2)
  5 adders
  3 dart slugs
  2 orcs
  11 ball pythons
  6 bats
  11 endoplasms
  4 giant cockroaches
  15 goblins
  4 hobgoblins
  3 jackals (D:2)
  A quokka (D:2)
  7 frilled lizards
  A kobold (D:2)
  7 rats
87 creatures vanquished.

Vanquished Creatures (others)
  A quokka (D:2)
  A demonic plant (D:1)
  3 fungi (D:1)
  A plant (D:1)
  4 toadstools (D:1)
10 creatures vanquished.

Grand Total: 97 creatures vanquished

Notes
Turn   | Place    | Note
-------+----------+-------------------------------------------
     0 | D:1      | rageheart7 the Demonspawn Gladiator began the quest for the
                  | Orb.
     0 | D:1      | Reached XP level 1. HP: 16/16 MP: 1/1
   312 | D:1      | Discovered your monstrous ancestry.
   312 | D:1      | Gained mutation: You have a pair of small antennae on your
                  | head. [demonic ancestry]
   312 | D:1      | Reached XP level 2. HP: 23/23 MP: 2/2
   472 | D:1      | Reached skill level 3 in Fighting
   937 | D:1      | Reached XP level 3. HP: 29/29 MP: 3/3
   943 | D:1      | Found a faded altar of an unknown god.
  1986 | D:2      | Reached skill level 4 in Fighting
  1986 | D:2      | Reached XP level 4. HP: 37/37 MP: 4/4
  2011 | D:2      | Noticed Robin
  2016 | D:2      | Found a sparkling altar of Nemelex Xobeh.
  2050 | D:2      | Learned a level 1 spell: Beastly Appendage
  2053 | D:2      | Learned a level 2 spell: Wereblood
  2141 | D:2      | Killed Robin
  2293 | D:3      | Noticed Grinder
  2310 | D:3      | Paralysed by Grinder for 3 turns
  2317 | D:3      | Killed Grinder
  2318 | D:3      | Reached skill level 6 in Fighting
  2318 | D:3      | Gained mutation: You have sharp fingernails. [demonic
                  | ancestry]
  2318 | D:3      | Reached XP level 5. HP: 4/46 MP: 5/5
  2318 | D:3      | Gained mutation: You sometimes gain a little power by
                  | taking damage. [demonic ancestry]
  2318 | D:3      | Reached XP level 6. HP: 4/52 MP: 6/6
  2560 | D:3      | Noticed Sigmund
  2568 | D:3      | Killed Sigmund
  2569 | D:3      | Reached skill level 7 in Fighting
  3068 | D:4      | Gained mutation: You have very sharp fingernails. [demonic
                  | ancestry]
  3068 | D:4      | Reached XP level 7. HP: 61/61 MP: 7/7
  3095 | D:4      | Reached skill level 8 in Fighting
  3167 | D:4      | Noticed Natasha
  3179 | D:4      | HP: 2/62 [Natasha/magic dart (8)]
  3179 | D:4      | Slain by a kobold

Illustrated notes

Levels and vault maps discovered:
D:1:      minmay_arrival_floating_metal, layout_basic,
          shapermc_ecumenical_altar_gd, minmay_gold_behind_fungi
D:2:      layout_rooms, basic_altar, minivault_26, minmay_indecisive_spiral,
          uniq_robin
D:3:      layout_basic, uniq_sigmund, uniq_grinder
D:4:      layout_rooms, uniq_natasha

Skill      XL: |  1  2  3  4  5  6  7 |
---------------+----------------------+-----
Fighting       | 3 4 6 7 8 |  8.3
Staves         | 3 |  3.1
Throwing       | |  1.7
Dodging        | |  2.6

Action                   |  1- 3 |  4- 6 |  7- 9 || total
-------------------------+-------+-------+-------++-------
Melee: Quarterstaff      |   130 |   133 |    30 ||   293
  Use: Scroll            |     4 |     7 |       ||    11
       Potion            |       |     3 |       ||     3
Armor: Leather armour    |    36 |    77 |    10 ||   123
Dodge: Dodged            |    92 |   130 |    20 ||   242

Table legend: (Time is in decaauts)
 A = Elapsed time spent in this place.
 B = Non-inter-level travel time spent in this place.
 C = Inter-level travel time spent in this place.
 D = Time resting spent in this place.
 E = Time spent auto-exploring this place.
 F = Levels seen in this place.
 G = Mean time per level.
                   A        B        C        D        E       F      G
               +--------+--------+--------+--------+--------+-----+--------+
         Total |   3241 |   3130 |    111 |    117 |   2257 |   4 |  810.2 |
       Dungeon |   3241 |   3130 |    111 |    117 |   2257 |   4 |  810.2 |
               +--------+--------+--------+--------+--------+-----+--------+

Top non-repeatable levels by time:
     D:1: 1784 daAuts
     D:3: 741 daAuts
     D:2: 552 daAuts
     D:4: 163 daAuts
